 Dungeon Crawl Stone Soup version 0.28.0-53-g5a82cb258f (webtiles) character file.

Game seed: 3033455911767429058

114 Zeld the Ogre Mage (level 4, -8/44 HPs)
             Began as an Ogre Transmuter on June 7, 2022.
             Killed by divine providence
             ... invoked by an orc priest
              (12 damage)
             ... on level 4 of the Dungeon.
             The game lasted 00:02:34 (2619 turns).

Zeld the Ogre Mage (Ogre Transmuter)                Turns: 2619, Time: 00:02:35

Health: -8/44      AC:  3    Str: 14    XL:     4   Next: 97%
Magic:  8/9        EV:  9    Int: 16    God:
Gold:   59         SH:  0    Dex:  9    Spells: 0/10 levels left

rFire   + . .      SeeInvis .     - Unarmed
rCold   + . .      Faith    .   (no shield)
rNeg    . . .      Spirit   .   a - +0 robe
rPois   .          Reflect  .   (helmet restricted)
rElec   .          Harm     .   d - scarf {rC+ rF+}
rCorr   .          Rampage  .   (gloves unavailable)
Will    .....                   (boots unavailable)
Stlth   +.........              (no amulet)
HPRegen 0.14/turn               (no ring)
MPRegen 0.11/turn               (no ring)

@: no status effects
A: large, unfitting armour, tough skin 1
a: no special abilities


You were on level 4 of the Dungeon.
You visited 1 branch of the dungeon, and saw 4 of its levels.

You collected 59 gold pieces.

Inventory:

Armour
 a - a +0 robe (worn)
 d - a scarf of resistance (worn)
Scrolls
 b - 3 scrolls of immolation {unknown}
 c - a scroll of identify {unknown}
Potions
 e - a potion of cancellation {unknown}


   Skills:
 + Level 2.7 Fighting
 - Level 1.7 Dodging
 - Level 2.9 Unarmed Combat
 * Level 3.7 Spellcasting
 * Level 2.9 Transmutations
 + Level 0.0 Ice Magic
 + Level 1.0 Poison Magic


You couldn't memorise any spells.
You knew the following spells:

 Your Spells              Type           Power      Damage    Failure   Level
a - Beastly Appendage     Tmut           24%        N/A       5%          1
b - Wereblood             Tmut           12%        N/A       8%          2
c - Spider Form           Tmut/Pois      9%         N/A       24%         3
d - Ice Form              Ice/Tmut       7%         N/A       67%         4

Your spell library contained the following spells:

 Spells                   Type           Power      Damage    Failure   Level


Dungeon Overview and Level Annotations

Branches:
Dungeon (4/15)
 Temple: D:4-7

Altars:

Shops:
D:1 ?


Innate Abilities, Weirdness & Mutations

You are too large for most types of armour.
You have tough skin. (AC +1)


Message History

The orc priest invokes the aid of Beogh against you.
Beogh smites you!
Casting: Beastly Appendage (safe; 5% risk of failure)
Confirm with . or Enter, or press ? or * to list all spells.
The spell is quite dangerous to miscast (24% risk of failure)!
Continue anyway?
Your horns disappear.
Your talons disappear.
You turn into a venomous arachnid creature.
Your scarf of resistance melds into your body.
Your +0 robe melds into your body.
You feel hot and cold all over.
Your transformation is almost over.
The orc hits you with a +0 hand axe.
You hit the orc.
The orc is poisoned.
The orc is heavily wounded.
You hit the orc but do no damage.
The orc is almost dead.
The orc closely misses you.
You hit the orc.
You kill the orc!
Your Poison Magic skill increases to level 1!
You hit the orc but do no damage.
The orc is poisoned.
The orc hits you with a +0 hand axe.
You hit the orc.
The orc looks as sick as possible!
The orc is almost dead.
You kill the orc!
You are too injured to fight recklessly!
You hit the orc but do no damage.
An adder comes into view.
Your transformation has ended.
Your scarf of resistance unmelds from your body.
Your +0 robe unmelds from your body.
You feel resistant to extremes of temperature.
The orc priest mumbles some strange prayers to Beogh against you.
Beogh smites you!
* * * LOW HITPOINT WARNING * * *
The orc priest calls down the wrath of Beogh upon you.
Beogh smites you!
* * * LOW HITPOINT WARNING * * *
The orc priest mumbles some strange prayers to Beogh against you.
Beogh smites you!
You die...

#.......................###
#..............o.......>....
#............>..............
#..................###......
######...........#.###......
##...>....o............
###..†)†..o...<.......
######..##........#.....
.........#@...........
..................##.
.................... .
.........[...........
.........#...........
..(......###.####...
#........#...... ..
#......(.#......
...............


You could see an orc priest and 2 orcs.

Vanquished Creatures
  A scorpion (D:3)
  2 adders
  A worm (D:2)
  A dart slug (D:3)
  7 orcs
  A bat (D:2)
  2 endoplasms
  2 goblins
  2 hobgoblins
  2 quokkas
  3 ball pythons
  A frilled lizard (D:1)
  2 kobolds (D:2)
27 creatures vanquished.

Notes
Turn   | Place    | Note
-------+----------+-------------------------------------------
     0 | D:1      | Zeld the Ogre Transmuter began the quest for the Orb.
     0 | D:1      | Reached XP level 1. HP: 19/19 MP: 3/3
    60 | D:1      | Found a faded altar of an unknown god.
   252 | D:1      | Found Edubayn's Magic Scroll Emporium.
   275 | D:2      | Reached XP level 2. HP: 15/28 MP: 3/5
  1093 | D:2      | Reached skill level 3 in Spellcasting
  1338 | D:2      | Reached XP level 3. HP: 35/35 MP: 5/7
  1584 | D:3      | Learned a level 2 spell: Wereblood
  1588 | D:3      | Learned a level 3 spell: Spider Form
  2182 | D:4      | Noticed a scorpion
  2193 | D:3      | Killed a scorpion
  2194 | D:3      | Reached XP level 4. HP: 30/44 MP: 5/9
  2383 | D:3      | Learned a level 4 spell: Ice Form
  2594 | D:4      | Reached skill level 1 in Poison Magic
  2619 | D:4      | Killed from afar by an orc priest

Illustrated notes

Levels and vault maps discovered:
D:1:      eino_arrival_cavern_b, layout_loops_ring,
          hellmonk_ecumenical_altar_heavens_door, serial_shops,
          nicolae_diamond_shop, serial_bayou_pond_a
D:2:      layout_basic, nicolae_figureground_sparkle
D:3:      layout_basic, serial_shops, nicolae_shop_stone, minmay_starry_boxes
D:4:      layout_rooms, uniq_duvessa

Skill      XL: |  1  2  3  4 |
---------------+-------------+-----
Transmutations | 2 |  2.9
Spellcasting   | 3 |  3.7
Fighting       | 2 |  2.7
Poison Magic   | 1 |  1.0
Dodging        | |  1.7
Unarmed Combat | |  2.9

Action                   |  1- 3 |  4- 6 || total
-------------------------+-------+-------++-------
Melee: Unarmed           |    65 |    20 ||    85
       Kick              |    17 |     3 ||    20
       Headbutt          |     5 |       ||     5
       Punch             |     1 |       ||     1
 Cast: Beastly Appendage |    10 |     3 ||    13
       Spider Form       |     1 |     1 ||     2
Armor: Robe              |    16 |     1 ||    17
       Skin              |     2 |       ||     2
Dodge: Dodged            |    27 |     7 ||    34
